Cogmind - Beta 16 @@@ ROGUE MODE // 2025.11.22 @ 21:56:58 Player: Mozco Result: Destroyed by 1C-UTU with 1C-UTU's Sword "Lootmaker" Performance ------------- Evolutions (1) 500 Regions Visited (6) 1200 Robots Destroyed (56) 280 Value Destroyed (1366) 1366 Prototype IDs (25) 500 Alien Tech Used (0) 0 Bonus (275) 275 TOTAL SCORE: 4121 Bonus ------- Aligned with FarCom 300 Friendly Fire -25 Cogmind --------- Core Integrity 0/400 Matter 265/300 Energy 40/100 System Corruption 5% Temperature Cool (0) Movement Core (450) Ox8 Location -8/Mines Parts ------- > --- POWER (1) -------- (None) > --- PROPULSION (3) --- (None) > --- UTILITY (3) ------ Large Storage Unit Weapon Shielding > --- WEAPON (2) ------- Heavy Particle Cannon > --- INVENTORY (15) --- Light Treads Light Treads Improved Heat Sink Light Armor Plating Trap Extractor (0/4) Trap Reconfigurator EM Pulse Cannon Heavy Particle Cannon Heavy Particle Cannon Peak State ------------ > --- POWER ------------ Light Angular Momentum Engine > --- PROPULSION ------- Light Treads Light Treads Light Treads > --- UTILITY ---------- Cooling System Large Storage Unit Light Armor Plating > --- WEAPON ----------- EM Pulse Cannon Heavy Particle Cannon > --- INVENTORY -------- Light Ion Engine Light Treads Light Treads Light Treads Light Treads Improved Heat Sink Weapon Shielding Light Armor Plating Trap Extractor Trap Reconfigurator EM Pulse Cannon EM Pulse Cannon Heavy Particle Cannon Heavy Particle Cannon Heavy Particle Cannon [Rating: 21] Favorites ----------- Power Light Ion Engine Engine Light Ion Engine Propulsion Light Treads Treads Light Treads Utility Large Storage Unit Device Cooling System Storage Large Storage Unit Protection Light Armor Plating Weapon Heavy Particle Cannon Energy Gun EM Pulse Gun Energy Cannon Heavy Particle Cannon Build | -11 -10 -10 -9 -9 -9 -8 ------- Run | Yrd Mat Min Mat Min Exi Min Slots Evolved 2 | . . . 2 . . . Power . | . . . . . . . Propulsion 1 | . . . 1 . . . Utility 1 | . . . 1 . . . Weapon . | . . . . . . . Parts Attached 42 | 6 6 6 17 . 1 6 Power 7 | 1 1 1 3 . . 1 Engine 7 | 1 1 1 3 . . 1 Core . | . . . . . . . Reactor . | . . . . . . . Propulsion 9 | 2 1 1 3 . . 2 Treads 9 | 2 1 1 3 . . 2 Leg . | . . . . . . . Wheel . | . . . . . . . Hover . | . . . . . . . Flight . | . . . . . . . Utility 13 | 1 3 2 5 . 1 1 Device 2 | . . 1 1 . . . Storage 4 | 1 2 . . . 1 . Processor . | . . . . . . . Hackware . | . . . . . . . Protection 7 | . 1 1 4 . . 1 Artifact . | . . . . . . . Weapon 13 | 2 1 2 6 . . 2 Energy Gun 7 | 2 1 2 2 . . . Energy Cannon 6 | . . . 4 . . 2 Ballistic Gun . | . . . . . . . Ballistic Cannon . | . . . . . . . Launcher . | . . . . . . . Special Weapon . | . . . . . . . Impact Weapon . | . . . . . . . Slashing Weapon . | . . . . . . . Piercing Weapon . | . . . . . . . Special Melee Weapon . | . . . . . . . Unidentified Prototypes 2 | . . . 2 . . . Corrupted Parts 3 | . . 2 . . . 1 System Corruption 6 | . . 3 . . . 3 Parts Lost 19 | . 3 1 3 . . 12 Power 4 | . 1 . 1 . . 2 Propulsion 6 | . 1 . . . . 5 Utility 3 | . . . 1 . . 2 Weapon 6 | . 1 1 1 . . 3 Highest Loss Streak 12 | . 3 1 3 . . 12 To Critical Strikes . | . . . . . . . Average Backups 12 | . 5 14 14 15 15 14 Power 1 | . . 1 . 1 1 1 Propulsion 2 | . . 1 2 4 4 3 Utility 4 | . 1 6 3 3 4 4 Weapon 5 | . 2 4 7 6 5 4 Tool/Special . | . . . . . . . Unused Backups 15 | . . 2 7 1 . 5 Power . | . . . . . . . Propulsion 1 | . . . . . . 1 Utility 6 | . . 1 3 . . 2 Weapon 8 | . . 1 4 1 . 2 Tool/Special . | . . . . . . . Average Slot Usage (%) 95 | . 95 99 94 100 85 91 Engine 12 | . 14 13 10 11 11 9 Treads 30 | . 27 27 31 33 33 29 Device 6 | . . . 11 11 11 9 Storage 14 | . 24 14 11 11 11 11 Protection 9 | . . 13 7 11 11 11 Energy Gun 12 | . 27 28 6 . . . Energy Cannon 9 | . . . 15 22 8 20 Peak Build Rating 21 | 6 8 12 20 17 17 21 Average Rating 12 | 4 6 9 16 17 13 16 On Entrance 11 | . 6 8 12 17 17 17 Avg Prop Armor Cover (%) . | . . . . . . . Naked Turns . | . . . . . . . Heaviest Build 46 | 13 36 33 44 40 40 46 Greatest Support 60 | 40 40 40 60 60 60 60 Greatest Overweight (x) 8 | . . 1 . . . 8 Average Overweight (x) . | . . . . . . . Largest Inventory Capacity 15 | 8 15 15 15 15 15 15 Average Capacity 14 | 7 10 15 15 15 15 15 Most Carried 15 | 2 10 15 15 15 15 15 Average Carried 12 | . 5 14 14 15 15 14 Final Capacity 15 | 8 15 15 15 15 15 15 Final Carried 15 | 2 10 15 15 15 15 9 Class Distribution -------------------- 73% | Scavenger-Mutant 26% | Mutant Dominant Class ---------------- Mutant | -10/Materials Scavenger-Mutant | -10/Mines Scavenger-Mutant | -9/Materials Scavenger-Mutant | -9/Mines Scavenger-Mutant | -9/Exiles Scavenger-Mutant | -8/Mines Resources | -11 -10 -10 -9 -9 -9 -8 ----------- Run | Yrd Mat Min Mat Min Exi Min Matter Collected 734 | 193 177 45 243 31 . 45 Remotely . | . . . . . . . Salvage Created 2041 | . 663 311 841 . . 226 Parts 126 | . 45 19 53 . . 9 Haulers Intercepted 1 | . 1 . . . . . Recyclers Shooed 3 | . . 1 2 . . . Parts Field Recycled . | . . . . . . . Retrieved Matter . | . . . . . . . Parts Self-Destructed . | . . . . . . . Prevented . | . . . . . . . Parts Restored . | . . . . . . . Kills | -11 -10 -10 -9 -9 -9 -8 ------- Run | Yrd Mat Min Mat Min Exi Min Combat Hostiles Destroyed 45 | . 15 4 20 . . 6 Melee 2 | . . . 2 . . . Guns 17 | . 11 4 2 . . . Cannons 22 | . . . 16 . . 6 AOE 4 | . 4 . . . . . Classes Destroyed 9 | . 7 2 . . . . Worker 3 | . 1 . 2 . . . Builder 1 | . 1 . . . . . Hauler 1 | . 1 . . . . . Recycler 3 | . . 1 2 . . . Mechanic 1 | . 1 . . . . . Watcher 2 | . 2 . . . . . Swarmer 16 | . 6 . 7 . . 3 Grunt 23 | . 9 2 9 . . 3 Sentry 6 | . . 2 4 . . . Best Kill Streak 8 | . 5 3 8 . . 3 Combat Bots Only 6 | . 3 2 6 . . 3 Max Kills in Single Turn 3 | . 3 1 1 . . 1 Gunslinging . | . . . . . . . Exploded 2 | . 2 . . . . . Melee 1 | . . . 1 . . . Uniques/NPCs Destroyed . | . . . . . . . Combat | -11 -10 -10 -9 -9 -9 -8 -------- Run | Yrd Mat Min Mat Min Exi Min Hostile Shots Fired 266 | . 72 34 112 . . 48 Missed 74 | . 20 11 35 . . 8 Hits 192 | . 52 23 77 . . 40 Melee 20 | . . . . . . 20 Projectile 172 | . 52 23 77 . . 20 Critical Strikes 7 | . . . 2 . . 5 Actively Blocked 1 | . . . . . . 1 Damage Taken 3157 | . 552 364 837 . . 1404 Core 567 | . 81 71 76 . . 339 Absorbed by Shields . | . . . . . . . Redirected to Shielding 25 | . . 4 . . . 21 Regen/Repaired (Parts) 245 | . 67 . 178 . . . Core Remaining (%) 69 | 100 . 39 . . . . Volleys Fired 147 | 1 54 20 52 . 2 18 Largest 2 | 2 2 2 2 . 1 2 Hottest 150 | 80 80 80 150 . 75 138 Shots Fired 258 | 2 104 41 84 1 2 24 Gun 165 | 2 104 41 18 . . . Cannon 93 | . . . 66 1 2 24 Launcher . | . . . . . . . Special . | . . . . . . . Kinetic . | . . . . . . . Thermal 157 | 1 54 21 64 1 2 14 Explosive . | . . . . . . . Electromagnetic 101 | 1 50 20 20 . . 10 Robot Hit Streak 11 | 1 11 5 10 8 . 7 Robot Miss Streak 6 | 1 4 6 5 . . 2 Penetration Max . | . . . . . . . Secondary Targets 5 | . 4 1 . . . . Max Gunslinging Chain 1 | . 1 1 . . . . Shots Hit Robots 158 | 1 62 22 56 1 . 16 Core Hits 80 | 1 29 11 29 . . 10 Critical Kills . | . . . . . . . Critical Parts Destroyed . | . . . . . . . Critical Strikes 1 | . . . 1 . . . Burn 1 | . . . 1 . . . Melee Attacks . | . . . . . . . Impact . | . . . . . . . Slashing . | . . . . . . . Piercing . | . . . . . . . Sneak Attacks . | . . . . . . . Combat Hostiles . | . . . . . . . Follow-up Attacks . | . . . . . . . Damage Inflicted 3371 | 24 1097 308 1517 28 . 397 Guns 1285 | 24 782 264 215 . . . Cannons 1630 | . . . 1208 25 . 397 Explosions 408 | . 314 38 56 . . . Melee . | . . . . . . . Ramming 48 | . 1 6 38 3 . . Kinetic . | . . . . . . . Thermal 2237 | 11 659 161 1131 25 . 250 Explosive . | . . . . . . . Electromagnetic 1086 | 13 437 141 348 . . 147 Impact . | . . . . . . . Slashing . | . . . . . . . Piercing . | . . . . . . . Highest Corruption 5 | . . 3 2 2 2 5 Average Corruption 2 | . . 2 2 2 2 3 Corruption Purged . | . . . . . . . Corruption Blocked . | . . . . . . . Effects 29 | . . 1 3 12 11 2 Message Errors 6 | . . . . 2 3 1 Matter Fused 3 | . . . . 2 1 . Heat Flow Errors 3 | . . . . 1 2 . Energy Discharges 2 | . . . . 1 1 . Data Loss (minor) 8 | . . . 1 4 3 . Data Loss (major) 1 | . . . . 1 . . Misfires 2 | . . 1 . 1 . . Alerts 4 | . . . 2 . 1 1 Overload Shots . | . . . . . . . Overflow Damage 51 | . 51 . . . . . Projectiles . | . . . . . . . Explosions 51 | . 51 . . . . . Melee . | . . . . . . . Knockbacks . | . . . . . . . Impact . | . . . . . . . Kinetic . | . . . . . . . Secondary . | . . . . . . . Self-Inflicted Damage 57 | . 32 25 . . . . Shots 2 | . 1 1 . . . . Rammed 10 | . 1 2 6 1 . . Targets Rammed 13 | . 1 2 9 1 . . Kicked . | . . . . . . . Crushed 3 | . . . 3 . . . Highest Temperature 321 | 18 292 308 244 98 241 321 Average Temperature 91 | 12 93 110 70 58 106 116 Received Heat Transfer 663 | . 177 141 255 . . 90 Effects 4 | . . 2 1 . . 1 Interference 3 | . . 2 1 . . . Damage (minor) 1 | . . . . . . 1 Siege Activations . | . . . . . . . Martial Activations . | . . . . . . . Shielding Activations . | . . . . . . . Robots Disrupted . | . . . . . . . Combat Hostiles . | . . . . . . . Robots Corrupted . | . . . . . . . Combat Hostiles . | . . . . . . . Parts Fried 3 | . 1 . 1 . . 1 Impact Corruptions . | . . . . . . . Robots Melted . | . . . . . . . Combat Hostiles . | . . . . . . . Parts Melted 4 | . . . 4 . . . Heat Transferred 3855 | 25 1100 375 1976 37 . 342 Parts Sabotaged . | . . . . . . . Parts Stolen . | . . . . . . . Parts Stripped . | . . . . . . . Power Chain Reactions 6 | . 4 1 1 . . . Alert | -11 -10 -10 -9 -9 -9 -8 ------- Run | Yrd Mat Min Mat Min Exi Min Maximum Alert Level 1 | . 1 . 1 . . . Low Security (%) 93 | 100 89 100 84 100 . 100 Level 1 6 | . 10 . 15 . . . Level 2 . | . . . . . . . Level 3 . | . . . . . . . Level 4 . | . . . . . . . Level 5 . | . . . . . . . High Security . | . . . . . . . Max Security . | . . . . . . . Peak Influence 335 | . 244 35 335 127 . 103 Initial 127 | . . 4 . 127 . . Average 49 | . 97 3 81 21 . 60 Influence Increases 1405 | . 530 118 607 6 . 144 Destroy 0b10 Robot/C 900 | . 300 80 400 . . 120 Destroy 0b10 Robot/NC 55 | . 30 5 20 . . . Destroy Leader 196 | . 76 10 90 . . 20 Successful Hack 56 | . 30 . 20 6 . . Select Force Hacks 60 | . 30 . 30 . . . Destroy Structure 48 | . 19 8 17 . . 4 Lose Combat Pursuer 90 | . 45 15 30 . . . Influence Decreases 1405 | . 519 129 278 335 . 144 Entered New Map 209 | . . 7 . 202 . . Time Decay 892 | . 339 122 248 133 . 50 Lost Part 154 | . 30 . 30 . . 94 Purge Threat 150 | . 150 . . . . . Squads Dispatched 9 | . 5 . 4 . . . Investigation 7 | . 4 . 3 . . . Extermination . | . . . . . . . Reinforcement 2 | . 1 . 1 . . . Assault . | . . . . . . . Garrison . | . . . . . . . Intercept . | . . . . . . . Searches Triggered . | . . . . . . . Construction Impeded . | . . . . . . . Haulers Reinforced . | . . . . . . . Active Scanning Responses . | . . . . . . . Cargo Convoy Interrupts . | . . . . . . . Stealth | -11 -10 -10 -9 -9 -9 -8 --------- Run | Yrd Mat Min Mat Min Exi Min Distress Signals 6 | . 3 . 3 . . . Communications Jammed . | . . . . . . . Distress Signals . | . . . . . . . Times Spotted 65 | . 25 5 28 . . 7 Peak Tracking Total 9 | . 5 2 9 . 9 4 Tactical Retreats 4 | . 1 1 2 . . . Traps | -11 -10 -10 -9 -9 -9 -8 ------- Run | Yrd Mat Min Mat Min Exi Min Traps Triggered 3 | . 2 . 1 . . . Indirectly . | . . . . . . . Trap Hack Attempts . | . . . . . . . Triggered . | . . . . . . . Disarmed . | . . . . . . . Reprogrammed . | . . . . . . . Reused . | . . . . . . . Traps Extracted . | . . . . . . . Installed . | . . . . . . . Triggered . | . . . . . . . Machines | -11 -10 -10 -9 -9 -9 -8 ---------- Run | Yrd Mat Min Mat Min Exi Min Machines Disabled 2 | . . . . . 2 . Max in Single Turn 1 | . . . . . 1 . Machines Repaired . | . . . . . . . Machines Dismantled . | . . . . . . . Machines Sabotaged . | . . . . . . . Overloaded Fab Kills . | . . . . . . . Hacking | -11 -10 -10 -9 -9 -9 -8 --------- Run | Yrd Mat Min Mat Min Exi Min Machines Accessed 16 | . 7 . 7 1 1 . Terminals 11 | . 5 . 5 1 . . Fabricators . | . . . . . . . Repair Stations 2 | . 1 . 1 . . . Recycling Units 2 | . 1 . 1 . . . Scanalyzers . | . . . . . . . Garrison Access . | . . . . . . . Total Hacks 57 | . 27 . 26 3 1 . Successful 30 | . 15 . 13 1 1 . Failed 26 | . 11 . 13 2 . . Catastrophic 6 | . 3 . 2 1 . . Database Lockouts 1 | . 1 . . . . . Manual 37 | . 21 . 12 3 1 . Terminals 42 | . 22 . 17 3 . . Fabricators . | . . . . . . . Repair Stations 10 | . 2 . 8 . . . Recycling Units 4 | . 3 . 1 . . . Scanalyzers . | . . . . . . . Garrison Access . | . . . . . . . Terminal Hacks 16 | . 10 . 4 1 1 . Part Schematic 8 | . 7 . 1 . . . Robot Analysis 4 | . 2 . 1 1 . . Unreport Threat 1 | . 1 . . . . . Recall Reinforcements 1 | . . . 1 . . . Hauler Manifests 1 | . . . 1 . . . Proto ID Catalog 1 | . . . . . 1 . Fabricator Hacks . | . . . . . . . Repair Station Hacks 7 | . 2 . 5 . . . Scan Component 4 | . 1 . 3 . . . Repair 3 | . 1 . 2 . . . Recycling Unit Hacks 1 | . 1 . . . . . Retrieve Components 1 | . 1 . . . . . Scanalyzer . | . . . . . . . Garrison Access Hacks . | . . . . . . . Unauthorized Hacks 6 | . 2 . 4 . . . Terminals 4 | . 1 . 3 . . . Track 1 | . . . 1 . . . Botnet 3 | . 1 . 2 . . . Fabricators . | . . . . . . . Repair Stations . | . . . . . . . Recycling Units 2 | . 1 . 1 . . . Tunnel 2 | . 1 . 1 . . . Scanalyzers . | . . . . . . . Garrison Access . | . . . . . . . Data Cores Recovered . | . . . . . . . Used . | . . . . . . . Hacking Detections 11 | . 5 . 5 1 . . Full Trace Events 5 | . 2 . 3 . . . Feedback Events . | . . . . . . . Feedback Blocked . | . . . . . . . Robot Schematics Acquired . | . . . . . . . Robots Built . | . . . . . . . Authchips . | . . . . . . . Time . | . . . . . . . Total Robot Build Rating . | . . . . . . . Part Schematics Acquired 8 | . 7 . 1 . . . Parts Built . | . . . . . . . Authchips . | . . . . . . . Time . | . . . . . . . Total Part Build Rating . | . . . . . . . Part Studies Acquired . | . . . . . . . Parts Repaired 3 | . 1 . 2 . . . Time 88 | . 26 . 62 . . . Parts Recycled . | . . . . . . . Recycled Matter . | . . . . . . . Retrieved Matter . | . . . . . . . Retrieved Components 4 | . 4 . . . . . Parts Scanalyzed . | . . . . . . . Part Schematics Acquired . | . . . . . . . Parts Damaged . | . . . . . . . Bothacking | -11 -10 -10 -9 -9 -9 -8 ------------ Run | Yrd Mat Min Mat Min Exi Min Used RIF Installer . | . . . . . . . Robots Hacked . | . . . . . . . Non-combat . | . . . . . . . Combat . | . . . . . . . Robot Hacks Applied . | . . . . . . . Relay Couplers Released . | . . . . . . . Fabnet Peak Effective % . | . . . . . . . Robots Rewired . | . . . . . . . Allies Hacked . | . . . . . . . Hacks Repelled . | . . . . . . . Allies | -11 -10 -10 -9 -9 -9 -8 -------- Run | Yrd Mat Min Mat Min Exi Min Total Allies 3 | . . . . 3 . . Largest Group 3 | . . . . 3 2 . Highest-Rated Group 89 | . . . . 89 58 . Highest-Rated Ally 31 | . . . . 31 31 . Total Orders . | . . . . . . . Ally Attacks . | . . . . . . . Total Damage . | . . . . . . . Kills . | . . . . . . . Allies Corrupted . | . . . . . . . Allies Melted . | . . . . . . . Intel | -11 -10 -10 -9 -9 -9 -8 ------- Run | Yrd Mat Min Mat Min Exi Min Active Infowar (turns) . | . . . . . . . Robot Analysis Total 4 | . 2 . 1 1 . . Derelict Logs Recovered 4 | . . 2 . 2 . . Drone Launches . | . . . . . . . Drone Recoveries . | . . . . . . . Exploration | -11 -10 -10 -9 -9 -9 -8 ------------- Run | Yrd Mat Min Mat Min Exi Min Turns Passed 4310 | 103 764 970 958 791 595 129 Spaces Moved 2287 | 59 345 546 438 492 366 41 Core 5 | 4 . . . . . 1 Treads 2282 | 55 345 546 438 492 366 40 Legs . | . . . . . . . Wheels . | . . . . . . . Hover . | . . . . . . . Flight . | . . . . . . . Fastest Speed 50 | 50 160 160 160 160 160 160 Average Speed 160 | 152 160 160 160 160 160 172 Slowest Speed 450 | 160 160 240 160 160 160 450 Overloaded Moves . | . . . . . . . Propulsion Burnouts . | . . . . . . . Robots Hopped . | . . . . . . . Potential Cave-ins . | . . . . . . . Cave-ins Triggered . | . . . . . . . Exploration Rate (%) 55 | 4 60 99 39 99 70 17 Regions Visited 6 Branch Regions 4 Pre-discovered Areas 3 | . 1 1 1 . . . Known Exits Taken . | . . . . . . . Unknown Exits Taken 6 | 1 1 1 1 1 1 . Scrap Searched 3 | . . 1 . 2 . . Spaces Dug . | . . . . . . . Terrain Destroyed 49 | . 21 8 16 . . 4 Melee . | . . . . . . . Projectile 17 | . . . 13 . . 4 AOE 32 | . 21 8 3 . . . Terrain Rammed . | . . . . . . . Walls Destroyed . | . . . . . . . Machines Disabled . | . . . . . . . Actions | -11 -10 -10 -9 -9 -9 -8 --------- Run | Yrd Mat Min Mat Min Exi Min Total 2675 | 67 451 599 612 495 375 76 Wait 109 | . 34 10 56 . . 9 Move 2281 | 58 344 545 437 491 365 41 Hop . | . . . . . . . Pick Up 36 | 2 10 8 14 1 1 . Fast Attach 21 | 6 3 4 6 . 2 . Attach 14 | . 3 1 4 . . 6 Detach . | . . . . . . . Swap 20 | . 1 4 12 1 1 1 Drop 34 | . 1 5 22 1 4 1 Fire 147 | 1 54 20 52 . 2 18 Melee . | . . . . . . . Ram . | . . . . . . . Kick . | . . . . . . . Crush 13 | . 1 2 9 1 . . Escape Stasis . | . . . . . . . Rewire . | . . . . . . . Trap . | . . . . . . . Miscellaneous . | . . . . . . . Route ------- -11/Scrapyard -10/Materials (discovered 2 exits: *Mat / [*Min]) -10/Mines (discovered 3 exits: *Mat x2 / [*Sub]) -9/Materials -9/Mines (discovered 3 exits: *Mat x2 / *Exi) -9/Exiles -8/Mines History --------- Turn | Location | Event 3 | -11/Scrapyard | Discovered new exit (range 15) 104 | -11/Scrapyard | Entered Materials 299 | -10/Materials | Repaired Lgt. Treads 320 | -10/Materials | Build established: Mutant 400 | -10/Materials | Central database locked down 403 | -10/Materials | Discovered new exit (range 9) 662 | -10/Materials | Lost 3 parts (1p1n1w) 714 | -10/Materials | Discovered new exit (range 3) 868 | -10/Materials | Entered Mines 908 | -10/Mines | Discovered new exit (range 5) 941 | -10/Mines | Core integrity fell below 50% 1009 | -10/Mines | Learned location of Zion (-6) 1012 | -10/Mines | Discovered new exit (range 11) 1142 | -10/Mines | Learned 2 Materials zone layouts 1247 | -10/Mines | Build established: Scavenger-Mutant 1620 | -10/Mines | Discovered new exit (range 6) 1838 | -10/Mines | Entered Materials 1838 | -9/Materials | Evolved 2 slots: Propulsion x1, Utility x1 1906 | -9/Materials | Repaired Lgt. Treads 1944 | -9/Materials | Repaired Broken Lgt. Treads 2692 | -9/Materials | Lost 3 parts (1p1u1w) 2765 | -9/Materials | Discovered new exit (range 13) 2796 | -9/Materials | Entered Mines 2796 | -9/Mines | Discovered new exit (range 8) 2829 | -9/Mines | Met a Derelict bent on vengeance 2907 | -9/Mines | Deemed a non-threat by the Exiles lab entrance 2907 | -9/Mines | Discovered new exit (range 5) 3028 | -9/Mines | Identified exit to Materials 3121 | -9/Mines | A weapon hastily lodged in a ceiling crevice suddenly fell to the ground 3230 | -9/Mines | Received a Mining Laser from a helpful Derelict 3419 | -9/Mines | Learned Materials terminal intel 3587 | -9/Mines | Entered Exiles 3587 | -9/Exiles | Accompanied by 2 allies 3617 | -9/Exiles | Led the pair of lost Derelicts to a safe place 3631 | -9/Exiles | Met 8R-AWN 3655 | -9/Exiles | Met EX-HEX 3707 | -9/Exiles | Met EX-BIN 3728 | -9/Exiles | Met EX-DEC 3961 | -9/Exiles | Aligned with FarCom system 3963 | -9/Exiles | Given EX-Vault access code 4000 | -9/Exiles | Opened EX-Vault 4011 | -9/Exiles | Found Trap Reconfigurator 4043 | -9/Exiles | Warned to stay clear of 0b10 Research branches 4148 | -9/Exiles | Attacked by the Exiles 4163 | -9/Exiles | Discovered new exit (range 12) 4182 | -9/Exiles | Left Exiles lab with Trap Reconfigurator 4182 | -9/Exiles | Entered Mines 4280 | -8/Mines | 1C-UTU came to Exiles' defense 4295 | -8/Mines | Core integrity fell below 50% 4307 | -8/Mines | Core integrity fell below 20% 4311 | -8/Mines | Destroyed by 1C-UTU with 1C-UTU's Sword "Lootmaker" Last Messages --------------- 04291_ Hvy. Particle Cannon destroyed. 04292_ Lgt. Angular Momentum Engine destroyed. 04292_ Lgt. Armor Plating destroyed. 04292_ 1C-UTU follow-up attacks with Prototype Slashing Weapon. 04292_ Lgt. Treads destroyed. 04292_ EM Pulse Cannon destroyed. 04292_ Lgt. Treads destroyed. 04293_ Cooling System destroyed. 04293_ 1C-UTU follow-up attacks with Prototype Slashing Weapon. 04294_ Lgt. Treads destroyed. 04294_ 1C-UTU follow-up attacks with Prototype Slashing Weapon. 04295_ EM Pulse Cannon destroyed. 04296_ U-05 Engineer builds a Wall. 04297_ Lgt. Treads destroyed. 04298_ 1C-UTU sneak attacks. 04298_ U-05 Engineer destroyed. 04304_ 1C-UTU follow-up attacks with Prototype Slashing Weapon. 04306_ Lgt. Ion Engine destroyed. 04311_ 1C-UTU follow-up attacks with Prototype Slashing Weapon. 04311_ Lgt. Treads destroyed. Map ----- +----------------------------------------------------+ | | | | | | | | | | | | | | | | | | | | | | | ?????????????????????????????????????????????? | | ?????????????????????????????????????????????? | | ?????????????????????????????????????????????? | | ?????????????????????????????????????????????? | | ?????????????????????????????????????????????? | | ?????????????????????????????????????????????? | | ?????????????????????????????????????????????? | | ?????????????????????????????????????????????? | | ?????????????????????????????????????????????? | | ?????????????????????????????????????????????? | | ?????????????????????????####????????????????? | | ???????????? ??????????### ##???????????????? | | ?????????? ####### ##??????????????? | | ?????????? #??????????????? | | ?????????? @ #??????????????? | | ?????????????????####### l ##??????????????? | | ???????????????????????#### ##???????????????? | | ??????????????????????????# #????????????????? | | ??????????????????????????# #????????????????? | | ??????????????????????????#!##???????????????? | | ??????????????????????????#%###??????????????? | | ??????????????????????????#=!=#??????????????? | | ??????????????????????????###%#??????????????? | | ???????????????????????????#=!#??????????????? | | ???????????????????????????##*#??????????????? | | ????????????????????????????#%#??????????????? | | ???????????????????????????##[#??????????????? | | ??????????????????????????## %##?????????????? | | ??????????????????????????# ##????????????? | | ??????????????????????????# ###### #?????? | | ??????????????????????????# #?????? | | ?????????????????????######!% #########?????? | | ?????????????????????# ##????????????? | | ?????????????????????# #### #????????????? | | ??????????????????????????# ## #????????????? | | ??????????????????????????# #?###????????????? | | ??????????????????????????# #????????????????? | | ??????????????????????????# #????????????????? | | ??????????????????????????# #????????????????? | +----------------------------------------------------+ Best States ------------- Heat Dissipation 50 Energy Generation 18 Energy Capacity 265 Matter Stores 300 Matter Capacity 300 Sight Range 16 Terrain Scan Density 10 Armor Coverage 150 Utility Shielding 33 Weapon Shielding 33 Evasion (%) 40 Recoil Reduction 3 Item Schematics ----------------- Huge Storage Unit | -10/Materials | Hacked Targeting Computer | -10/Materials | Hacked Ion Engine | -10/Materials | Hacked EM Pulse Gun | -10/Materials | Hacked ECM Suite | -10/Materials | Hacked Lgt. Treads | -10/Materials | Hacked Lgt. Armor Plating | -10/Materials | Hacked Hcp. Storage Unit | -9/Materials | Hacked Robot Schematics ------------------ None Fabricated ------------ Nothing Repaired ---------- Lgt. Treads | 52% | -10/Materials Lgt. Treads | 32% | -9/Materials Lgt. Treads | 40% | -9/Materials | Broken Studied --------- None Alien Tech Used ----------------- None Achievements -------------- None Challenges ------------ None Game ------ Seed OvertunedRelayNanosword Manual? 0 Play Time 00:23:47 Cumulative 318.4 hours Start 2025.11.22 @ 21:35:11 End 2025.11.22 @ 21:56:58 Sessions 1 Manual Loads 0 Difficulty Rogue Special Mode None Game No. 329 Rogue 325 Adventurer 3 Explorer 1 Win Type - Total 2 Types 2/0/0/0/0/0/0/0/0/0 Lore% 82 Gallery% 77 Achievement% 63 Wizard Run 0 Options --------- Layout 0 ASCII 0 Keyboard 0 Movement Mouse Keybinds 0 Fullscreen 2 Font 18/SmallcapsGlow Map View 76x50 Zoom Use 0% Tactical HUD 1 Map Filters NONE Filters NONE Steam 1 RUN: e155560a-5ac6-4967-a899-71cd4f3d390d